 Dungeon Crawl Stone Soup version 0.22.1-1-ga44c0e56f4 (webtiles) character file.

64 Mjsee792 the Skirmisher (level 3, -6/36 HPs)
             Began as a Minotaur Berserker on Oct 14, 2018.
             Was a Believer of Trog.
             Mangled by Sigmund
             ... wielding a +0 scythe
              (9 damage)
             ... on level 2 of the Dungeon.
             The game lasted 00:01:58 (1321 turns).

Mjsee792 the Skirmisher (Minotaur Berserker)        Turns: 1321, Time: 00:01:59

Health: -6/36      AC:  2    Str: 21    XL:     3   Next: 91%
Magic:  2/2        EV: 12    Int:  4    God:    Trog [**....]
Gold:   135        SH:  0    Dex: 10    Spells: 2/2 levels left

rFire    . . .     SeeInvis .   a - +0 spear
rCold    . . .     Gourm    .   (no shield)
rNeg     . . .     Faith    .   b - +0 animal skin
rPois    .         Spirit   .   (helmet restricted)
rElec    .         Reflect  .   (no cloak)
rCorr    .         Harm     .   (no gloves)
MR       .....                  (no boots)
Stlth    +.........             (no amulet)
HPRegen  0.12/turn              (no ring)
MPRegen  0.08/turn              (no ring)

@: no status effects
A: retaliatory headbutt, horns 2
a: Berserk, Trog's Hand, Renounce Religion


You were on level 2 of the Dungeon.
You worshipped Trog.
Trog was pleased with you.
You were not hungry.

You visited 1 branch of the dungeon, and saw 2 of its levels.

You collected 135 gold pieces.

Inventory:

Hand Weapons
 a - a +0 spear (weapon)
Armour
 b - a +0 animal skin (worn)
Jewellery
 l - a cursed ring of teleportation {unknown}
Scrolls
 d - 2 scrolls of remove curse {unknown}
 e - a scroll of enchant weapon {unknown}
 f - 2 scrolls of identify {unknown}
 g - a scroll of noise {unknown}
 h - 2 scrolls of magic mapping {unknown}
 j - 3 scrolls of fog {unknown}
 m - a scroll of random uselessness {unknown}
Potions
 i - 2 potions of curing {unknown}
 k - 2 potions of might {unknown}
 n - a potion of brilliance {unknown}
Comestibles
 c - 3 rations


   Skills:
 + Level 5.0 Fighting
 - Level 3.6 Polearms
 + Level 3.1 Armour
 + Level 3.0 Dodging


You had 2 spell levels left.
You didn't know any spells.
Your spell library was empty.

Dungeon Overview and Level Annotations

Branches:
Dungeon (2/15)

Altars:

Annotations:
D:2 Sigmund


Innate Abilities, Weirdness & Mutations

You reflexively headbutt those who attack you in melee.
You have a pair of horns on your head.


Message History

You barely miss something.
You hear some strange, mumbled words.
You are confused.
You puncture something!
You hear some strange, mumbled words.
A magic dart appears from out of thin air!
The magic dart hits you! Something hits you.
There is a stone staircase leading down here.
You bump into the rock wall.
Something hits you! Something hits you.
* * * LOW HITPOINT WARNING * * *
There is a stone staircase leading down, spattered with blood here.
You bump into the rock wall.
You feel less confused. Something hits you.
* * * LOW HITPOINT WARNING * * *
You hit something but do no damage. Something hits you!
You die...

####.# #.#
#..........
# #.# #.#?#
###########
# #.# #.#.#
#.#
#.#.########
## #.#
#.#.........
.# #.#
#.).........
.###.#
#.....$.....
.....#
#..{...(....
.#####
#..@........
.#
#..>........
.#
#.#†########
## #...####
###....#
#....#
+....# #
#....# #
#....#


There were no monsters in sight!

Vanquished Creatures
  Robin (D:2)
  An adder (D:2)
  An ooze (D:2)
  A leopard gecko (D:2)
  2 giant cockroaches
  15 goblins
  5 hobgoblins
  3 bats
  3 frilled lizards
  3 kobolds (D:1)
  3 rats
38 creatures vanquished.

Notes
Turn   | Place    | Note
-------+----------+-------------------------------------------
     0 | D:1      | Mjsee792 the Minotaur Berserker began the quest for the
                  | Orb.
     0 | D:1      | Reached XP level 1. HP: 19/19 MP: 0/0
     0 | D:1      | Noticed an iron dragon
     0 | D:1      | Noticed an ice dragon
     2 | D:1      | Noticed an ice dragon
     2 | D:1      | Noticed a shadow dragon
     5 | D:1      | Noticed an iron dragon
     7 | D:1      | Noticed a large abomination
    11 | D:1      | Noticed an orb of fire
    13 | D:1      | Noticed an ice dragon
    13 | D:1      | Noticed a large abomination
    15 | D:1      | Noticed an iron dragon
    15 | D:1      | Noticed a tentacled monstrosity
    17 | D:1      | Noticed a red draconian
    17 | D:1      | Noticed a tentacled monstrosity
    19 | D:1      | Noticed an ice dragon
    21 | D:1      | Noticed an iron dragon
   178 | D:1      | Reached skill level 4 in Fighting
   249 | D:1      | Reached XP level 2. HP: 27/27 MP: 1/1
   692 | D:2      | Noticed Robin
   698 | D:2      | Reached XP level 3. HP: 27/34 MP: 2/2
   708 | D:2      | HP: 1/34 [hobgoblin/club[Robin] (9)]
  1019 | D:2      | Killed Robin
  1019 | D:2      | Reached ** piety under Trog
  1224 | D:2      | Reached skill level 5 in Fighting
  1305 | D:2      | Noticed Sigmund
  1321 | D:2      | Mangled by Sigmund

Skill      XL: |  1  2  3 |
---------------+----------+-----
Fighting       | 4 5 |  5.0
Armour         | 3 |  3.1
Dodging        | 3 |  3.0
Polearms       | |  3.6

Action                   || total
-------------------------++-------
Melee: Spear             ||    86
       Headbutt          ||    17
 Stab: Sleeping          ||     2
  Eat: Chunk             ||     1
Armor: Animal skin       ||     4
Dodge: Dodged            ||    37
